Map: Catalyst LE

Players

Arctur

  • Race: Terran Terran
  • Spawn Location: 5:00

Bly - Winner!

  • Race: Zerg Zerg
  • Spawn Location: 11:00

Event: WCS Leipzig 2018

VOD

Have the link to the VOD?

Description

Time

  • Played on: Jan. 26, 2018, 6:23 a.m.
  • Length: 7:32

All games in this series

Show
View Real Time Build Order
Export as new Build Order

Arctur Terran 

Build Orders:  

Get SALT Encoding   

  12  0:00  SCV  
  13  0:13  SCV  
  14  0:17  Supply Depot  
  14  0:25  SCV  
  15  0:30  Refinery  
  15  0:39  SCV  
  16  0:46  Barracks  
  16  0:51  SCV  
  17  1:03  SCV  
  18  1:15  SCV  
  20  1:32  Orbital Command, Reaper  
  20  1:47  Command Center  
  20  1:57  Factory  
  20  1:59  SCV  
  21  2:07  Barracks Reactor  
  21  2:11  SCV  
  21  2:13  Refinery  
  21  2:19  Supply Depot  
  21  2:23  SCV  
  22  2:35  SCV  
  23  2:42  Starport  
  22  2:47  Marine  
  23  2:54  SCV, Marine  
  25  3:00  Bunker  
  25  3:01  Cyclone  
  28  3:05  Marine  
  28  3:12  Marine  
  29  3:21  Medivac  
  29  3:26  SCV  
  32  3:34  Orbital Command  
  32  3:39  SCV  
  33  3:44  Barracks Tech Lab  
  33  3:45  Hellion  
  35  3:51  SCV, Hellion  
  38  4:03  SCV x2  
  38  4:07  Armory  
  40  4:12  Hellion  
  42  4:17  Supply Depot  
  42  4:20  SCV x2  
  42  4:21  Liberator  
  42  4:24  Hellion  
  46  4:39  Hellion  
  46  4:41  Supply Depot  
  46  4:43  SCV x2  
  50  4:48  Hellion  
  50  4:55  SCV x2  
  51  5:07  SCV x2  
  51  5:08  Liberator  
  51  5:14  Stimpack  
  53  5:18  Supply Depot  
  53  5:19  SCV x2  
  53  5:20  Factory Reactor  
  58  5:29  Marine  
  58  5:31  SCV  
  58  5:32  SCV  
  61  5:43  SCV, Supply Depot  
  61  5:44  SCV  
  60  5:55  Liberator, Marine  
  60  5:56  SCV x2  
  49  6:02  Barracks  
  49  6:04  Factory Tech Lab, Barracks  
  49  6:08  SCV x2  
  49  6:09  Engineering Bay  
  49  6:10  Bunker, Engineering Bay  
  51  6:14  Marine  
  55  6:20  SCV x2  
  55  6:24  Siege Tank  
  60  6:35  SCV x2  
  62  6:42  Marine  
  63  6:47  SCV x2  
  63  6:51  Marine x2  
  63  6:52  Marine x2  
  60  6:56  Siege Tank  
  60  6:59  SCV x2  
  60  7:00  Marine  
  45  7:09  Marine x2  
  45  7:11  SCV x2  
  41  7:19  Starport Reactor  
Show
View Real Time Build Order
Export as new Build Order

Bly Zerg - Winner!

Build Orders: Pool First 

Get SALT Encoding   

  12  0:01  Drone  
  13  0:12  Overlord  
  13  0:16  Drone  
  14  0:30  Drone x2  
  16  0:40  Spawning Pool  
  15  0:45  Drone  
  15  0:48  Drone  
  17  1:09  Hatchery  
  16  1:12  Drone  
  16  1:15  Drone  
  18  1:19  Extractor  
  17  1:28  Zergling x4  
  19  1:33  Queen  
  19  1:39  Drone  
  22  1:56  Overlord  
  22  2:05  Drone, Extractor  
  23  2:15  Drone  
  24  2:23  Metabolic Boost  
  24  2:24  Drone  
  24  2:29  Drone, Queen  
  26  2:31  Queen  
  26  2:36  Drone x2  
  32  2:40  Overlord  
  32  2:47  Drone x2  
  32  2:48  Drone  
  34  2:59  Drone  
  34  3:00  Drone x2  
  37  3:08  Drone  
  38  3:14  Drone x2  
  39  3:26  Drone x2  
  41  3:33  Drone  
  42  3:35  Queen  
  42  3:37  Overlord  
  42  3:38  Hatchery  
  42  3:40  Overlord  
  43  3:47  Overlord  
  43  3:54  Zergling x2  
  44  3:59  Zergling x10  
  49  4:06  Overlord  
  49  4:08  Overlord  
  49  4:11  Roach Warren  
  49  4:13  Extractor  
  47  4:20  Zergling x2  
  47  4:21  Zergling x8  
  52  4:27  Drone x3  
  55  4:32  Queen x2  
  55  4:37  Overlord  
  56  4:46  Drone x3  
  56  4:49  Zergling x6  
  60  4:54  Drone  
  60  4:56  Overlord  
  60  4:58  Overlord  
  60  5:03  Roach x4  
  68  5:12  Roach  
  68  5:13  Roach x2  
  69  5:18  Roach x2  
  69  5:19  Extractor  
  72  5:27  Zergling x4  
  74  5:37  Zergling x2  
  74  5:38  Zergling x6  
  74  5:53  Roach x7  
  88  5:57  Lair  
  88  5:58  Drone x2  
  88  5:59  Drone, Extractor  
  90  6:06  Drone x5  
  90  6:08  Overlord  
  95  6:13  Ravager x2  
  95  6:15  Overlord  
  97  6:24  Overlord  
  97  6:25  Evolution Chamber  
  92  6:34  Ravager  
  92  6:35  Ravager  
  92  6:38  Ravager x2, Zergling x2  
  92  6:39  Zergling x18  
  106  6:40  Overlord  
  102  6:54  Zergling x16  
  102  6:59  Drone  
  99  7:12  Drone x3  
  99  7:13  Drone x2  
  99  7:20  Drone  
  98  7:30  Ravager  
Tags
 
Add a new tag
Caveats
  • Supply blocks, unpowered buildings, or Contaminate may cause inaccurate times.
  • Supply counts are checked every 10 seconds.